 Dungeon Crawl Stone Soup version 0.28.0-53-g5a82cb258f (webtiles) character file.

Game seed: 10101820973553376547

581 DivinePoxer the Skirmisher (level 7, -7/56 (62) HPs)
             Began as a Naga Wanderer on Aug 5, 2022.
             Was an Initiate of Gozag.
             Mangled by a wight
             ... wielding a +2 scimitar
              (11 damage)
             ... on level 4 of the Dungeon.
             The game lasted 00:24:37 (8853 turns).

DivinePoxer the Skirmisher (Naga Wanderer)          Turns: 8853, Time: 00:24:38

HP:   -7/56 (62)    AC:  7    Str: 16    XL:     7   Next: 36%
MP:   8/8           EV:  9    Int: 15    God:    Gozag
Gold: 275           SH:  0    Dex:  8    Spells: 7/8 levels left

rFire   . . .      SeeInvis +   n - +3 hand axe
rCold   . . .      Faith    .   (no shield)
rNeg    . . .      Spirit   .   s - +0 ring mail
rPois   +          Reflect  .   c - +0 helmet
rElec   .          Harm     .   (no cloak)
rCorr   +          Rampage  .   k - +0 pair of gloves
Will    .....                   (no barding)
Stlth   +.........              (no amulet)
HPRegen 0.18/turn               i - ring of resist corrosion
MPRegen 0.11/turn               (no ring)

@: drained, very slow
A: AC +2, large, see invisible, deformed body, poison resistance, slowness 2,
spit poison 1, naga tail 1
a: Spit Poison, Renounce Religion, Potion Petition, Call Merchant, Bribe Branch


You were on level 4 of the Dungeon.
You worshipped Gozag.
Gozag was aware of your devotion.
You visited 1 branch of the dungeon, and saw 4 of its levels.

You collected 320 gold pieces.
You paid 45 gold pieces to Gozag.

Inventory:

Hand Weapons
 a - a +0 vorpal dagger
 h - a +0 hunting sling
 n - a +3 hand axe (weapon)
 q - a +0 hand axe
Missiles
 b - a curare-tipped dart
 j - 60 sling bullets
 m - 75 stones (quivered)
 p - 6 poisoned darts
Armour
 c - a +0 helmet (worn)
 d - a +0 robe
 k - a +0 pair of gloves (worn)
 s - a +0 ring mail (worn)
Jewellery
 i - a ring of resist corrosion (left hand)
 u - a ring of willpower
Wands
 l - a wand of flame (7)
Scrolls
 e - 3 scrolls of identify
 r - 2 scrolls of noise
Potions
 f - 3 potions of brilliance {unknown}
 g - 3 potions of flight {unknown}
 o - 2 potions of curing {unknown}
 t - a potion of invisibility {unknown}
 v - a potion of resistance {unknown}


   Skills:
 + Level 3.5 Fighting
 + Level 2.5 Axes
 - Level 3.1 Throwing
 + Level 2.8 Armour
 + Level 3.1 Dodging
 - Level 3.1 Stealth
 - Level 1.0 Spellcasting
 - Level 3.4 Air Magic


You had 7 spell levels left.
You knew the following spells:

 Your Spells              Type           Power      Damage    Failure   Level
a - Shock                 Conj/Air       20%        1d4       22%         1

Your spell library contained the following spells:

 Spells                   Type           Power      Damage    Failure   Level
 Corpse Rot               Necr/Air       10%        N/A       34%         2
 Poisonous Vapours        Pois/Air       10%        N/A       34%         2
 Mephitic Cloud           Conj/Pois/Air  4%         N/A       65%         3


Dungeon Overview and Level Annotations

Branches:
Dungeon (4/15)
 Temple: D:4-7

Altars:
Cheibriados
Fedhas
Gozag
Hepliaklqana
Nemelex Xobeh
The Shining One

Shops:
D:2 *:[

Annotations:
D:2 1 runed translucent door, exclusion: downstairs, Crazy Yiuf, Natasha


Innate Abilities, Weirdness & Mutations

Your serpentine skin is tough. (AC +2)
You have supernaturally acute eyesight. (SInv)
Armour fits poorly on your strangely shaped body.
Your system is resistant to poisons. (rPois)
You cover ground very slowly.
You can spit poison.
You have a snake-like lower body.


Message History

The wight is lightly damaged.
The wight barely misses you.
You closely miss the wight.
The wight is lightly damaged.
The wight hits you with a +0 scimitar!
You feel drained.
You hit the wight.
The wight is heavily damaged.
You hit the wight but do no damage. The wight hits you with a +2 scimitar!
The wight hits you with a +0 scimitar!
You hit the wight.
The wight is severely damaged.
You closely miss the wight. The wight hits you with a +2 scimitar!
* * * LOW HITPOINT WARNING * * *
You feel drained.
* * * LOW HITPOINT WARNING * * *
The wight closely misses you. The wight hits you with a +2 scimitar.
* * * LOW HITPOINT WARNING * * *
You feel drained.
* * * LOW HITPOINT WARNING * * *
The wight completely misses you.
Okay, then.
Okay, then.
You hit the wight but do no damage.
The wight is severely damaged.
You hit the wight but do no damage. The wight closely misses you.
The wight hits you with a +0 scimitar.
* * * LOW HITPOINT WARNING * * *
You feel drained.
Unknown command.
You hit the wight but do no damage.
The wight is severely damaged.
You hit the wight. The wight hits you with a +2 scimitar.
* * * LOW HITPOINT WARNING * * *
The wight barely misses you.
Unknown command.
You hit the wight.
The wight is almost destroyed.
You hit the wight. The wight hits you with a +2 scimitar!
You die...
Your body crumbles into a pile of gold.

.....................## ##
......................# #
###..................######
###................####...#
........###.......####....####
.......##
###...#####....##..## ......##
##...........#....# ....###
##...............## ...##
##@..............# ...#
#zz..##.........## ..##
#..#####.........# .## ##...#
##...###### .# ##....## #...##
## ##......###...#
#.............##
#....##$........###
#.(..##.....##.....##


You could see 2 wights.

Vanquished Creatures
  A black bear (D:3)
  An ogre (D:4)
  2 wights (D:4)
  A centaur skeleton (D:4)
  A hound (D:4)
  Jessica (D:2)
  10 gnolls
  7 adders
  An ufetubus (D:4)
  2 adder skeletons (D:4)
  3 worms
  5 orcs (D:3)
  2 bats
  8 endoplasms
  3 giant cockroaches
  3 hobgoblins
  4 jackals (D:1)
  4 quokkas
  4 ball pythons
  4 frilled lizards
  5 goblins
  6 kobolds
  5 rats
83 creatures vanquished.

Notes
Turn   | Place    | Note
-------+----------+-------------------------------------------
     0 | D:1      | DivinePoxer the Naga Wanderer began the quest for the Orb.
     0 | D:1      | DivinePoxer set off with the following items: a +0 vorpal
                  | dagger, 2 curare-tipped darts, a +0 helmet, a +0 robe; and
                  | the following spell memorised: Shock; and the following
                  | spells available to memorise: Mephitic Cloud
     0 | D:1      | Reached XP level 1. HP: 15/15 MP: 2/2
  1967 | D:1      | Reached XP level 2. HP: 22/22 MP: 3/3
  2674 | D:1      | Reached XP level 3. HP: 28/28 MP: 4/4
  3047 | D:2      | Reached skill level 1 in Fighting
  3263 | D:2      | Found Waetz's Book Emporium.
  3345 | D:2      | Reached XP level 4. HP: 38/38 MP: 5/5
  3407 | D:2      | Reached skill level 1 in Armour
  3424 | D:2      | Found Hypriys's Antique Armour Shop.
  3821 | D:2      | Noticed Jessica
  4053 | D:2      | Killed Jessica
  4199 | D:2      | Noticed Natasha
  4208 | D:2      | Found Kutabbint's Assorted Antiques.
  4312 | D:2      | Found a runed translucent door.
  4313 | D:2      | Noticed Crazy Yiuf
  5024 | D:3      | Reached XP level 5. HP: 40/45 MP: 6/6
  5792 | D:3      | Found a hazy altar of Hepliaklqana.
  5792 | D:3      | Found a glowing golden altar of the Shining One.
  5792 | D:3      | Found a blossoming altar of Fedhas.
  5818 | D:3      | Found an opulent altar of Gozag.
  5818 | D:3      | Found a sparkling altar of Nemelex Xobeh.
  5818 | D:3      | Found a snail-covered altar of Cheibriados.
  5834 | D:3      | Became a worshipper of Gozag Ym Sagoz the Greedy
  6177 | D:3      | Noticed a black bear
  6190 | D:3      | Killed a black bear
  6191 | D:3      | Reached skill level 1 in Axes
  6191 | D:3      | Reached XP level 6. HP: 47/55 MP: 7/7
  7678 | D:4      | Reached XP level 7. HP: 53/62 MP: 8/8
  8853 | D:4      | Mangled by a wight

Illustrated notes

Levels and vault maps discovered:
D:1:      shiori_arrival_maze, layout_rooms
D:2:      layout_loops_ring, serial_shops, nicolae_shop_window_shopping, shop,
          shop, corexii_item_surrounded_by_moat, uniq_crazy_yiuf_cottage,
          uniq_natasha, uniq_jessica
D:3:      layout_loops_ring, grunt_temple_overflow_open
D:4:      layout_layer_cave, serial_glass, glass_columns_c, glass_columns_b,
          minmay_strange_pillars, due_unseen_surprise, minmay_strange_pillars

Skill      XL: |  1  2  3  4  5  6  7 |
---------------+----------------------+-----
Throwing       | 3 |  3.1
Fighting       | 1 2 3 |  3.5
Armour         | 1 2 |  2.8
Dodging        | 2 3 |  3.1
Axes           | 1 2 |  2.5
Stealth        | |  3.1
Spellcasting   | |  1.0
Air Magic      | |  3.4

Action                   |  1- 3 |  4- 6 |  7- 9 || total
-------------------------+-------+-------+-------++-------
Melee: Dagger            |    37 |    20 |       ||    57
       Punch             |     1 |     1 |       ||     2
       Hand axe          |       |    83 |    27 ||   110
Throw: Dart              |     2 |     1 |       ||     3
       Stone             |       |     4 |     1 ||     5
 Abil: Spit Poison       |    41 |    65 |    11 ||   117
Evoke: Wand              |       |       |     1 ||     1
  Use: Scroll            |       |       |     3 ||     3
Armor: Robe              |    18 |    70 |       ||    88
       Ring mail         |       |       |    19 ||    19
Dodge: Dodged            |    29 |    88 |    36 ||   153
